 Dungeon Crawl Stone Soup version 0.19.0 (webtiles) character file.

71607 Danakh the Severer (level 14, -3/132 HPs)
             Began as a Minotaur Fighter on Nov 6, 2016.
             Was a High Priest of Trog.
             Slain by an orc knight
             ... wielding a +0 battleaxe
              (18 damage)
             ... on level 2 of the Orcish Mines.
             The game lasted 00:48:52 (17382 turns).

Danakh the Severer (Minotaur Fighter)              Turns: 17382, Time: 00:48:52

Health: -3/132     AC: 24    Str: 24    XL:     14   Next: 98%
Magic:  4/4        EV:  9    Int:  3    God:    Trog [*****.]
Gold:   2007       SH: 19    Dex: 12    Spells: 0 memorised, 13 levels left

rFire  + . .     SeeInvis .     e - +3 broad axe (antimagic)
rCold  . . .     Gourm    .     K - +0 plate armour
rNeg   . . .     Faith    .     l - +2 shield {rF+}
rPois  +         Spirit   .     L - +2 hat
rElec  .         Reflect  +     S - +0 cloak {rPois}
rCorr  .         Harm     .     V - +1 pair of gloves
MR     +++..     Clarity  +     n - +0 pair of boots
Stlth  .......... Rnd*Tele +    P - +3 amulet of reflection
                                D - -2 ring of intelligence (curse)
                                O - ring of teleportation (curse)

@: exhausted, weakened, regenerating, slowed, very slow
A: retaliatory headbutt, horns 2, clarity, sturdy frame 1
a: Berserk, Trog's Hand, Brothers in Arms, Burn Spellbooks, Renounce Religion


You were on level 2 of the Orcish Mines.
You worshipped Trog.
Trog was extremely pleased with you.
You were near starving.

You visited 3 branches of the dungeon, and saw 20 of its levels.
You also visited: Volcano.

You collected 2007 gold pieces.

Inventory:

Hand Weapons
 e - a +3 antimagic broad axe (weapon)
 E - a +2 flail of protection
 F - the +6 war axe "Vefoqe" {freeze, rElec MP+9}
   (You found it on level 5 of the Dungeon)

   It has been specially enchanted to freeze those struck by it, causing extra
   injury to most foes and up to half again as much damage against particularly
   susceptible opponents.
   It can also slow down cold-blooded creatures.
   It insulates you from electricity.
   It affects your magic capacity (+9).
Missiles
 i - 8 javelins of returning (quivered)
Armour
 l - a +2 shield of fire resistance (worn)
 n - a +0 pair of boots (worn)
 t - a +0 large shield
 K - a +0 plate armour (worn)
 L - a +2 hat (worn)
 S - a +0 cloak of poison resistance (worn)
 V - a +1 pair of gloves (worn)
Jewellery
 D - a cursed -2 ring of intelligence (right hand)
 O - a cursed ring of teleportation (left hand)
 P - a +3 amulet of reflection (around neck)
 Y - a cursed ring of loudness {unknown}
Wands
 a - a wand of digging (10/24)
 o - a wand of lightning (12/15)
 q - a wand of iceblast (7/15)
Scrolls
 c - a scroll of identify {unknown}
Potions
 h - a potion of agility {unknown}
 j - a potion of brilliance {unknown}
 k - a potion of berserk rage {unknown}
Comestibles
 b - 2 slices of pizza
 d - 2 chunks of flesh
 f - 10 bread rations
 g - 10 royal jellies
 s - 6 meat rations
 W - 22 fruits
 X - a beef jerky


   Skills:
 + Level 14.2 Fighting
 * Level 18.9 Axes
 + Level 14.3 Armour
 + Level 3.3 Dodging
 + Level 14.2 Shields


You had 13 spell levels left.
You didn't know any spells.

Dungeon Overview and Level Annotations

Branches:
Dungeon (12/15)            Temple (0/1) D:5            Lair (6/6) D:8
  Swamp (0/4) Lair:4        Snake (0/4) Lair:2        Slime (0/5) Lair:6
    Orc (2/2) D:11            Elf (0/3) Orc:2

Altars:
Ashenzari
Cheibriados
Dithmenos
Elyvilon
Qazlal
Trog
Vehumet
Xom
The Shining One

Shops:
Orc:1 %   Orc:2 :%(?

Portals:
Pandemonium: Orc:2

Annotations:
D:12 exclusion: 2 oklob plants


Innate Abilities, Weirdness & Mutations

You reflexively headbutt those who attack you in melee.
You have a pair of horns on your head.
You possess an exceptional clarity of mind.
Your movements are slightly less encumbered by armour. (ER -2)


Message History

You completely miss the orc high priest.
The orc high priest is heavily wounded.
You slash the orc knight! You hit the orc sorcerer.
The orc sorcerer's magic leaks into the air.
You barely miss the soul eater. You closely miss the soul eater.
The orc high priest no longer looks unusually strong.
Your troll bites the soul eater!!
The soul eater dies!
You block the soul eater's attack. Something completely misses your troll.
The orc sorcerer hits you but does no damage.
The orc high priest hits you but does no damage.
The orc knight hits you with an enchanted glaive!!
* * * LOW HITPOINT WARNING * * *
An orc warrior comes into view. It is wielding a hand axe.
Your troll bites the orc high priest but does no damage.
Your troll barely misses the orc high priest.
Your troll claws the orc high priest.
The soul eater closely misses your troll.
The orc knight hits you with a battleaxe!!
You die...

#.### ....## .....# ....##
).### ## # ### )..# ##.#
##. ##∩## #.
#..###...##..##)).# #...
#...###.#.##.4#o)∩#
.##.#.#
##...###...##o)#@#o.##...#
###...###...##ooT..##...#
# ###..###...##o3.##...# .
# ##..###)..##.##...# #..
# #######..###)..###[..#
#..# #
##...###..##....#.)..##..#
## ...#.#
##.)#)#..)..#.#..# #.
....## ##.)[..........# #.
##.## ##)))#.#.#...## #.


You could see 2 orc knights, a soul eater, an orc high priest, an orc sorcerer
and a friendly troll (berserk).

Vanquished Creatures
  Rupert (Lair:5)
  A dire elephant (Lair:6)
  A red draconian (Volcano)
  9 hydras
  A catoblepas (Lair:6)
  A death knight (D:11)
  A deep troll shaman (Lair:6)
  4 death yaks (Lair:6)
  Urug (Lair:4)
  3 orc high priests (Orc:2)
  A salamander mystic (Volcano)
  A gelid demonspawn (Orc:2)
  2 unseen horrors (D:11)
  A torturous demonspawn (Orc:2)
  2 orc knights (Orc:1)
  2 hill giants (D:11)
  4 orc sorcerers
  A cyclops (D:12)
  6 salamanders (Volcano)
  2 ugly things
  3 centaur zombies
  Maurice (D:8)
  4 black mambas
  19 elephants
  Joseph (D:10)
  A kobold demonologist (D:12)
  6 spiny frogs
  3 rime drakes
  A freezing wraith (D:11)
  5 komodo dragons
  A polar bear (Lair:2)
  A queen bee (D:11)
  3 trolls
  A two-headed ogre (D:8)
  A hornet (Lair:1)
  17 blink frogs
  A slime creature (Lair:6)
  7 hippogriffs
  3 wraiths (D:11)
  2 vampires
  A spriggan (Lair:1)
  3 wyverns
  23 yaks
  A hungry ghost (D:12)
  2 vampire mosquitoes (D:12)
  Eustachio (D:5)
  A warg (Orc:2)
  2 basilisks
  Menkaure (D:4)
  Edmund (D:5)
  6 nagas (Lair:2)
  A soldier ant (D:12)
  9 water moccasins
  13 porcupines
  4 ice beasts
  5 sky beasts
  3 black bears
  29 orc warriors
  8 ogres
  A necrophage (D:11)
  A phantom (D:4)
  6 centaurs
  21 wolves
  11 crocodiles
  Blork the orc (D:5)
  A gnoll sergeant (D:6)
  16 bullfrogs
  6 scorpions
  A water moccasin skeleton (D:10)
  28 killer bees
  A howler monkey (D:4)
  9 wights (D:11)
  3 electric eels
  10 crimson imps
  4 centaur skeletons
  3 hounds
  7 jellies
  26 orc priests
  20 orc wizards
  8 iguanas
  7 worker ants
  A worker ant zombie (D:5)
  10 gnolls
  A howler monkey zombie (D:6)
  9 adders
  2 shadow imps
  An ooze (D:5)
  An adder skeleton (D:4)
  3 worms
  5 leopard geckos
  95 orcs
  4 giant cockroaches
  9 goblins
  6 hobgoblins
  19 jackals
  4 quokkas
  A ball python (D:7)
  7 bats
  5 frilled lizards
  10 kobolds
  A quokka zombie (D:7)
  8 rats
  3 fungi
  3 plants
639 creatures vanquished.

Vanquished Creatures (collateral kills)
  The ghost of alcopop the Destroyer, a journeyman TeFE of Vehumet (Lair:1)
  An orc high priest (Orc:2)
  A torturous demonspawn (Orc:2)
  A gelid demonspawn (Orc:2)
  An orc knight (Orc:2)
  2 elephants (Lair:5)
  A torpor snail (Lair:5)
  A spiny frog (Lair:1)
  An ice devil (Orc:2)
  A hellwing (Orc:2)
  A chaos spawn (Orc:2)
  6 orc warriors (Orc:2)
  A crocodile (Lair:1)
  An orc priest (Orc:2)
  3 orcs (Orc:2)
23 creatures vanquished.

Vanquished Creatures (others)
  3 centaurs
  An orc (D:11)
  2 fungi (Lair:2)
  2 plants (Lair:6)
8 creatures vanquished.

Grand Total: 670 creatures vanquished

Notes
Turn   | Place    | Note
-------+----------+-------------------------------------------
     0 | D:1      | Danakh the Minotaur Fighter began the quest for the Orb.
     0 | D:1      | Reached XP level 1. HP: 19/19 MP: 0/0
    67 | D:1      | Reached XP level 2. HP: 25/27 MP: 1/1
   237 | D:1      | Reached skill level 3 in Axes
   284 | D:1      | Found a shattered altar of Ashenzari.
   459 | D:2      | Reached XP level 3. HP: 33/33 MP: 2/2
   907 | D:3      | Noticed a centaur
  1264 | D:3      | Killed a centaur
  1264 | D:3      | Reached skill level 4 in Axes
  1264 | D:3      | Reached XP level 4. HP: 27/41 MP: 3/3
  1264 | D:3      | Reached XP level 5. HP: 31/47 MP: 4/4
  1322 | D:3      | Found a shimmering altar of Xom.
  1687 | D:3      | Reached skill level 5 in Fighting
  1845 | D:3      | Reached skill level 5 in Axes
  1846 | D:3      | Reached XP level 6. HP: 38/56 MP: 5/5
  2154 | D:4      | Reached skill level 5 in Armour
  2154 | D:4      | Reached skill level 5 in Shields
  2183 | D:4      | Reached skill level 6 in Axes
  2219 | D:4      | Reached XP level 7. HP: 56/61 MP: 6/6
  2317 | D:4      | Found a snail-covered altar of Cheibriados.
  2317 | D:4      | Found a faded altar of an unknown god.
  2323 | D:4      | Found a faded altar of an unknown god.
  2325 | D:4      | Found a faded altar of an unknown god.
  2326 | D:4      | Found a faded altar of an unknown god.
  2330 | D:4      | Became a worshipper of Trog the Wrathful
  2330 | D:4      | Reached * piety under Trog
  2473 | D:4      | Found a glowing golden altar of the Shining One.
  2545 | D:5      | Entered Level 5 of the Dungeon
  2545 | D:5      | Found a staircase to the Ecumenical Temple.
  2545 | D:5      | Noticed Menkaure
  2548 | D:5      | Noticed Blork the orc
  2552 | D:4      | Killed Menkaure
  2552 | D:4      | Reached skill level 7 in Axes
  2709 | D:5      | Noticed Eustachio
  2719 | D:5      | Killed Blork the orc
  2725 | D:5      | Killed Eustachio
  2725 | D:5      | Reached XP level 8. HP: 70/70 MP: 7/7
  2767 | D:5      | Got a faintly glowing war axe
  2768 | D:5      | Identified the +6 war axe "Vefoqe" {freeze, rElec MP+9} (You found it on level 5 of the Dungeon)
  2935 | D:5      | Noticed Edmund
  2953 | D:5      | Killed Edmund
  2953 | D:5      | Reached skill level 8 in Axes
  3044 | D:5      | Reached ** piety under Trog
  3391 | D:6      | Found a white marble altar of Elyvilon.
  3431 | D:6      | Reached skill level 9 in Axes
  3460 | D:6      | Reached XP level 9. HP: 52/79 MP: 8/8
  4076 | D:6      | Reached skill level 10 in Axes
  4506 | D:7      | Reached *** piety under Trog
  4525 | D:7      | Found a stormy altar of Qazlal.
  4847 | D:8      | Noticed Maurice
  4853 | D:8      | Killed Maurice
  4853 | D:8      | Reached skill level 11 in Axes
  4975 | D:8      | Reached XP level 10. HP: 76/90 MP: 9/9
  5017 | D:8      | Gained mutation: Your movements are slightly less encumbered by armour. (ER -2) [mutagenic meat]
  5018 | D:8      | Gained mutation: You possess an exceptional clarity of mind. [mutagenic meat]
  5102 | D:8      | Reached **** piety under Trog
  5219 | D:8      | Found a staircase to the Lair.
  5763 | D:9      | Reached skill level 12 in Axes
  6017 | D:9      | Found a shadowy altar of Dithmenos.
  6017 | D:9      | Found a radiant altar of Vehumet.
  6351 | D:10     | Entered Level 10 of the Dungeon
  6408 | D:10     | Reached skill level 10 in Armour
  6410 | D:10     | Reached ***** piety under Trog
  6471 | D:10     | Reached XP level 11. HP: 99/99 MP: 10/10
  6869 | D:10     | Noticed Joseph
  6880 | D:10     | Killed Joseph
  7077 | D:11     | Noticed a hill giant
  7126 | Lair:1   | Entered Level 1 of the Lair of Beasts
  7126 | Lair:1   | Noticed a four-headed hydra
  7139 | Lair:1   | Killed a four-headed hydra
  7139 | Lair:1   | Reached skill level 10 in Fighting
  7139 | Lair:1   | Reached skill level 13 in Axes
  7316 | Lair:1   | Noticed an eight-headed hydra
  7336 | Lair:1   | Killed an eight-headed hydra
  7336 | Lair:1   | Reached skill level 10 in Shields
  7435 | Lair:1   | Noticed a six-headed hydra
  7449 | Lair:1   | Killed a six-headed hydra
  7472 | Lair:1   | Noticed alcopop's ghost (journeyman TeFE)
  7488 | Lair:1   | Killed alcopop's ghost
  7505 | Lair:1   | Noticed a spriggan rider
  8170 | Lair:2   | Reached skill level 14 in Axes
  8251 | Lair:2   | Noticed a four-headed hydra
  8265 | Lair:2   | Killed a four-headed hydra
  8335 | Lair:2   | Received a gift from Trog
  8472 | Lair:2   | Noticed a six-headed hydra
  8482 | Lair:2   | Killed a six-headed hydra
  8482 | Lair:2   | Reached XP level 12. HP: 64/110 MP: 11/11
  8557 | Lair:2   | Found a staircase to the Snake Pit.
  9665 | Lair:3   | Received a gift from Trog
  9700 | Lair:3   | Reached skill level 15 in Axes
 10384 | Lair:4   | Found a staircase to the Swamp.
 10388 | Lair:4   | Noticed Urug
 10403 | Lair:4   | Killed Urug
 10908 | Lair:5   | Noticed a four-headed hydra
 10928 | Lair:5   | Killed a four-headed hydra
 10969 | Lair:5   | Noticed Rupert
 11332 | Lair:5   | Killed Rupert
 11332 | Lair:5   | Reached skill level 16 in Axes
 11332 | Lair:5   | Reached XP level 13. HP: 118/118 MP: 12/12
 12403 | Lair:6   | Entered Level 6 of the Lair of Beasts
 12867 | Lair:6   | Found a staircase to the Slime Pits.
 12873 | Lair:6   | Reached skill level 17 in Axes
 13339 | Lair:6   | Reached XP level 14. HP: 72/129 MP: 13/13
 13602 | Lair:6   | Identified Qipnify's Compendium of Virous Confrontation
 14643 | D:11     | Reached ****** piety under Trog
 14705 | D:11     | Found a staircase to the Orcish Mines.
 14880 | D:11     | Received a gift from Trog
 15173 | D:12     | Reached skill level 18 in Axes
 15886 | Orc:1    | Entered Level 1 of the Orcish Mines
 15986 | Orc:1    | Received a gift from Trog
 15994 | Orc:1    | Found Eshafy's Food Boutique.
 16674 | Orc:2    | Entered Level 2 of the Orcish Mines
 16696 | Orc:2    | Found a staircase to the Elven Halls.
 16706 | Orc:2    | Reached skill level 1 in Dodging
 16789 | Orc:2    | Found Zitaom's Food Shop.
 16791 | Orc:2    | Found Plog's Magic Scroll Boutique.
 17115 | Orc:2    | Found a dark tunnel.
 17127 | Volcano  | Entered a volcano
 17345 | Orc:2    | Found Imebbioxe's Book Emporium.
 17345 | Orc:2    | Found Dyshritz's Antique Weapon Shoppe.
 17345 | Orc:2    | Found a one-way gate leading to the halls of Pandemonium.
 17382 | Orc:2    | Slain by an orc knight

Skill      XL: |  1  2  3  4  5  6  7  8  9 10 11 12 13 14 |
---------------+-------------------------------------------+-----
Fighting       | 4 5 6 7 8 9 11 12 13 14 | 14.2
Axes           | 3 4 5 6 7 9 11 12 14 16 17 18 | 18.9
Shields        | 4 5 6 7 8 9 10 12 13 14 | 14.2
Armour         | 4 5 6 7 8 10 11 12 13 14 | 14.3
Dodging        | 3 |  3.3

Action                   |  1- 3 |  4- 6 |  7- 9 | 10-12 | 13-15 || total
-------------------------+-------+-------+-------+-------+-------++-------
Melee: War axe           |   140 |   112 |   257 |   494 |   509 ||  1512
       Headbutt          |    23 |    20 |    46 |   102 |   157 ||   348
       Flail             |       |       |       |    47 |    31 ||    78
       Broad axe         |       |       |       |       |   168 ||   168
Invok: Berserk           |       |       |     3 |     5 |     7 ||    15
       Brothers in Arms  |       |       |       |     4 |     3 ||     7
       Trog's Hand       |       |       |       |     1 |     3 ||     4
Evoke: Wand              |       |       |       |       |     1 ||     1
 Stab: Petrifying        |       |       |       |       |     1 ||     1
  Eat: Chunk             |     1 |     4 |     5 |    20 |    25 ||    55
       Beef jerky        |       |       |     1 |       |       ||     1
       Meat ration       |       |       |     1 |       |       ||     1
       Pizza             |       |       |       |     2 |     1 ||     3
       Royal jelly       |       |       |       |     1 |       ||     1
       Fruit             |       |       |       |     8 |       ||     8
Armor: Scale mail        |    19 |       |       |       |       ||    19
       Chain mail        |    63 |    53 |    52 |       |       ||   168
       Plate armour      |       |       |    43 |   264 |   297 ||   604
Dodge: Dodged            |    31 |    11 |    20 |    72 |    96 ||   230
Block: Shield            |    41 |       |       |       |    47 ||    88
       Large shield      |    60 |    93 |   206 |   463 |   687 ||  1509
       Reflection        |       |       |       |       |    35 ||    35
